 Dungeon Crawl Stone Soup version 0.24.1-14-gf8d2b509d9 (webtiles) character file.

Game seed: 9387761727208414649, levelgen mode: deterministic

6 NeAGen181 the Caller (level 1, -1/10 HPs)
             Began as a Tengu Summoner on Apr 21, 2021.
             Slain by a goblin
             ... wielding a cursed -3 club
              (4 damage)
             ... on level 1 of the Dungeon.
             The game lasted 00:01:19 (275 turns).

NeAGen181 the Caller (Tengu Summoner)                Turns: 275, Time: 00:01:19

Health: -1/10      AC:  2    Str:  8    XL:     1   Next: 90%
Magic:  1/4        EV: 10    Int: 15    God:
Gold:   0          SH:  0    Dex: 14    Spells: 3/4 levels left

rFire    . . .     SeeInvis .   (no weapon)
rCold    . . .     Gourm    .   (no shield)
rNeg     . . .     Faith    .   a - +0 robe
rPois    .         Spirit   .   (helmet restricted)
rElec    .         Reflect  .   (no cloak)
rCorr    .         Harm     .   (no gloves)
MR       .....                  (boots unavailable)
Stlth    ++........             (no amulet)
HPRegen  0.03/turn              (no ring)
MPRegen  0.09/turn              (no ring)

@: constricted
A: beak, talons 3
a: no special abilities


You were on level 1 of the Dungeon.
You were not hungry.

You visited 1 branch of the dungeon, and saw 1 of its levels.

Inventory:

Armour
 a - a +0 robe (worn)
 d - a +0 buckler
Comestibles
 b - 6 chunks of flesh
 c - 3 rations


   Skills:
 + Level 2.9 Dodging
 - Level 2.0 Stealth
 - Level 2.0 Spellcasting
 - Level 4.8 Summonings


You had 3 spell levels left.
You knew the following spells:

 Your Spells              Type           Power        Failure   Level  Hunger
a - Summon Small Mammal   Summ           ###.         3%          1    #......

Your spell library contained the following spells:

 Spells                   Type           Power        Failure   Level  Hunger
 Call Imp                 Summ           ###.....     4%          2    ###....
 Call Canine Familiar     Summ           ###.....     9%          3    ###....
 Summon Guardian Golem    Hex/Summ       #.......     26%         3    ###....
 Summon Ice Beast         Ice/Summ       #.......     63%         4    #####..
 Summon Lightning Spire   Summ/Air       #.......     63%         4    #####..


Dungeon Overview and Level Annotations

Branches:
Dungeon (1/15)

Altars:

Annotations:
D:1 1 runed translucent door


Innate Abilities, Weirdness & Mutations

You have a beak for a mouth.
You have claws for feet.


Message History

Press: ? - help, Dir - move target cursor, f - goblin, p - ball python
Aim: a goblin, wielding a -3 club (grey smoke) Attack!
The ball python barely misses your rat. x2
Your rat closely misses the goblin.
The goblin hits you with a cursed -3 club.
The ball python barely misses your rat. The ball python grabs your rat.
The ball python constricts your rat.
Your rat closely misses the ball python.
The ball python barely misses your rat. The ball python constricts your rat.
Your rat dies!
Your rat's corpse disappears in a puff of smoke!
The goblin closely misses you.
The ball python bites you but does no damage.
The ball python grabs you. The ball python constricts you.
The ball python's grasp on you weakens, but your attempt to escape fails.
The ball python bites you.
* * * LOW HITPOINT WARNING * * *
The ball python constricts you.
The goblin hits you with a cursed -3 club.
You die...

#.#.#.#.#. #.....#
#####÷# #.. #.# .?
#.# .# #.# ##.#
#(# #..#
####.#####..#
#...)@S.....#
#...).g.....##
#............#
#........†...#
#.....§.§....##
#.......§.§!..##
#.....§.§.........
#..........†......
#.......#.).####..


You could see a goblin and a ball python.

Vanquished Creatures
  A bat (D:1)
1 creature vanquished.

Vanquished Creatures (collateral kills)
  2 giant cockroaches (D:1)
  A hobgoblin (D:1)
  A bat (D:1)
  A goblin (D:1)
  A kobold (D:1)
  A rat (D:1)
7 creatures vanquished.

Grand Total: 8 creatures vanquished

Notes
Turn   | Place    | Note
-------+----------+-------------------------------------------
     0 | D:1      | NeAGen181 the Tengu Summoner began the quest for the Orb.
     0 | D:1      | Reached XP level 1. HP: 10/10 MP: 4/4
     1 | D:1      | Found a runed translucent door.
     8 | D:1      | Noticed a jelly
   275 | D:1      | Slain by a goblin

Levels and vault maps discovered:
D:1:      dpeg_arrival_caged_fury, layout_rooms, serial_rivers,
          chequers_serial_rivers_small_3, chequers_serial_rivers_micro_b,
          chequers_serial_rivers_large_a, chequers_serial_rivers_micro_d,
          kennysheep_flooded_box, chequers_serial_rivers_micro_a

Action                   || total
-------------------------++-------
Melee: Unarmed           ||     9
       Peck              ||     3
       Kick              ||     1
 Cast: Summon Small Mamm ||    14
 Stab: Sleeping          ||     1
Armor: Robe              ||     8
Dodge: Dodged            ||    17
